 Dungeon Crawl Stone Soup version 0.31-a0-1300-gb6740aa4e6 (webtiles) character file.

Game seed: 1898160586035266538

195311 Zonian the Marksdemigod (level 17, 0/222 HPs)
             Began as a Demigod Hunter on Dec 18, 2023.
             Slain by a bunyip (22 damage)
             ... on level 4 of the Swamp.
             The game lasted 02:00:20 (47193 turns).

Zonian the Marksdemigod (Demigod Hunter)           Turns: 47193, Time: 02:00:20

Health: 0/222      AC: 32    Str: 16    XL:     17   Next: 13%
Magic:  20/20      EV:  2    Int: 15    God:
Gold:   2779       SH:  5    Dex: 33    Spells: 7/16 levels left

rFire   . . .        X - +9 hand cannon of World's End {penet, rCorr Str+4}
rCold   + . .        (no shield)
rNeg    . . .        w - melded +0 swamp dragon scales
rPois   +            D - melded +2 helmet of the Alphagorgon {rC+ Int+2 Stlth+}
rElec   .            (cloak currently unavailable)
rCorr   +            k - melded +2 pair of gloves
SInv    .            G - melded +1 pair of boots "Vuvublarch" {rF+ Int+2 Dex+3 SInv}
Will    +....        u - amulet of reflection
Stlth   ++++++       d - +4 ring of protection
HPRegen 0.57/turn    J - ring of protection from cold
MPRegen 0.17/turn

%: reflection
@: tree-form
A: stationary, stasis, torment immunity, boosted hp, high MP 1, forlorn, divine
attributes
}: 1/15 runes: serpentine
a: no special abilities


You were on level 4 of the Swamp.
You were a tree.
You visited 5 branches of the dungeon, and saw 30 of its levels.
You also visited: Ossuary and Bailey.

You collected 2779 gold pieces.


Innate Abilities, Weirdness & Mutations

You are a tree.
Your roots penetrate the ground, keeping you stationary.
You cannot be teleported.
You are immune to unholy pain and torment.
Your maximum health is greatly increased.
Your equipment is partially melded.
You have an increased reservoir of magic. (+10% MP)
You shall have no god before yourself.
Your divine heritage dramatically boosts your attributes as you level up.


   Skills:
 + Level 12.4 Fighting
 - Level 18.0 Ranged Weapons
 - Level 9.2 Armour
 - Level 10.8 Dodging
 - Level 11.5 Stealth
 - Level 11.2 Air Magic
 - Level 5.0 Poison Magic
 - Level 5.0 Evocations


You had 7 spell levels left.
You knew the following spells:

 Your Spells              Type           Power      Damage    Failure   Level
a - Swiftness             Air            33%        N/A       1%          3
b - Airstrike             Air            16%        2d(3-19)  2%          4
c - Poisonous Vapours     Pois/Air       48%        N/A       1%          2

Your spell library contained the following spells:

 Spells                   Type           Power      Damage    Failure   Level
 Shock                    Conj/Air       64%        1d7       2%          1
 Foxfire                  Conj/Fire      0%         2x1d4     26%         1
 Magic Dart               Conj           0%         1d3       26%         1
 Summon Small Mammal      Summ           0%         N/A       26%         1
 Scorch                   Fire           0%         2d5       38%         2
 Searing Ray              Conj           0%         2d4       38%         2
 Sublimation of Blood     Necr           0%         N/A       38%         2
 Wereblood                Tmut           0%         N/A       38%         2
 Ignite Poison            Fire/Tmut/Pois 4%         N/A       38%         3
 Silence                  Hex/Air        8%         N/A       58%         5
 Dazzling Flash           Conj/Hex       0%         N/A       63%         3
 Inner Flame              Hex/Fire       0%         N/A       63%         3
 Summon Guardian Golem    Hex/Summ       0%         N/A       63%         3
 Flame Wave               Conj/Fire      0%         2d4       95%         4
 Fulminant Prism          Conj/Hex       0%         3d5       95%         4
 Sticky Flame             Conj/Fire      0%         2d3       95%         4
 Summon Ice Beast         Ice/Summ       0%         N/A       95%         4
 Alistair's Intoxication  Tmut/Pois      4%         N/A       95%         5
 Plasma Beam              Fire/Air       8%         2x1d18    99%         6
 Agony                    Necr           0%         N/A       100%        5
 Borgnjor's Vile Clutch   Necr/Erth      0%         N/A       100%        5
 Iskenderun's Battlesphe  Conj           0%         2d6       100%        5
 Yara's Violent Unravell  Hex/Tmut       0%         3d3       100%        5
 Bombard                  Conj/Erth      0%         9d1       100%        6
 Eringya's Noxious Bog    Tmut/Pois      3%         4d6       100%        6
 Simulacrum               Ice/Necr       0%         N/A       100%        6
 Starburst                Conj/Fire      0%         6d3       100%        6
 Summon Cactus Giant      Summ           0%         N/A       100%        6
 Enfeeble                 Hex            0%         N/A       100%        7
 Orb of Destruction       Conj           0%         9d5       100%        7
 Ozocubu's Refrigeration  Ice            0%         4d7       100%        7
 Spellforged Servitor     Conj/Summ      0%         N/A       100%        7
 Summon Hydra             Summ           0%         N/A       100%        7
 Ignition                 Fire           0%         3d3       100%        8
 Polar Vortex             Ice            0%         N/A       100%        9

Inventory:

Hand Weapons
 a - a +3 shortbow of freezing {bow}
 j - a +3 orcbow of draining
   (You acquired it in an ossuary)
 q - a +1 dagger of speed {short}
   (You took it off a goblin on level 3 of the Dungeon)
 y - a +2 dagger of venom {short}
   (You took it off an orc wizard on level 10 of the Dungeon)
 O - the +11 whip "Goblinbane" {protect, rF- Will++ Str+2, mace}
   (You found it on level 1 of the Swamp)

   Str+2:     It affects your strength (+2).
   rF-:       It makes you vulnerable to fire.
   Will++:    It greatly increases your willpower.
 X - the +9 hand cannon of World's End (weapon) {penet, rCorr Str+4}
   (You acquired it on level 4 of the Snake Pit)

   Str+4:     It affects your strength (+4).
   rCorr:     It protects you from acid and corrosion.
Missiles
 s - 8 boomerangs {throwing}
 v - 10 javelins {throwing}
 I - 9 curare-tipped darts {=fthrowing}
Armour
 g - a +3 leather armour of poison resistance
   (You found it on level 3 of the Snake Pit)
 i - the +5 ring mail of Sloth {rC+ Int-4 Dex+3 SInv}
   (You found it on level 2 of the Dungeon)

   Int-4:     It affects your intelligence (-4).
   Dex+3:     It affects your dexterity (+3).
   rC+:       It protects you from cold.
   SInv:      It lets you see invisible.
 k - a +2 pair of gloves (melded)
   (You found it on level 2 of the Dungeon)
 w - +0 swamp dragon scales (melded)
   (You found it on level 4 of the Swamp)
 D - the +2 helmet of the Alphagorgon (melded) {rC+ Int+2 Stlth+}
   (You found it on level 3 of the Snake Pit)

   Int+2:     It affects your intelligence (+2).
   rC+:       It protects you from cold.
   Stlth+:    It makes you more stealthy.
 G - the +1 pair of boots "Vuvublarch" (melded) {rF+ Int+2 Dex+3 SInv}
   (You acquired it on level 8 of the Dungeon)

   Int+2:     It affects your intelligence (+2).
   Dex+3:     It affects your dexterity (+3).
   rF+:       It protects you from fire.
   SInv:      It lets you see invisible.
Jewellery
 b - an amulet of the acrobat
   (You found it on level 7 of the Dungeon)
 d - a +4 ring of protection (left branch)
   (You found it on level 1 of the Dungeon)
 l - a ring of resist corrosion
   (You found it on level 5 of the Dungeon)
 u - an amulet of reflection (around neck)
   (You found it on level 4 of the Dungeon)
 B - an amulet of guardian spirit
   (You found it on level 6 of the Dungeon)
 J - a ring of protection from cold (right branch)
   (You found it on level 1 of the Lair of Beasts)
 R - a ring of protection from fire
   (You found it on level 9 of the Dungeon)
Wands
 n - a wand of polymorph (18)
   (You found it on level 13 of the Dungeon)
 t - a wand of flame (52)
   (You found it on level 4 of the Dungeon)
 K - a wand of charming (5)
   (You found it on level 3 of the Snake Pit)
 N - a wand of digging (16)
   (You found it on level 4 of the Snake Pit)
 S - a wand of light (10)
   (You found it on level 3 of the Swamp)
 W - a wand of roots (3)
   (You found it on level 4 of the Snake Pit)
 Y - a wand of mindburst (23)
   (You found it on level 4 of the Lair of Beasts)
Scrolls
 e - 4 scrolls of teleportation {@r4}
 h - 6 scrolls of vulnerability {!r!r}
 p - 4 scrolls of blinking {!r}
 x - 9 scrolls of immolation {!r!r}
 z - a scroll of fear
 A - 4 scrolls of poison {!r}
 L - 5 scrolls of revelation
 U - 5 scrolls of fog
 Z - 7 scrolls of identify {@r1}
Potions
 c - 2 potions of might
 f - 3 potions of lignification {!q}
 m - 3 potions of haste {@q3}
 o - 5 potions of degeneration {!q@e2}
 r - 3 potions of magic
 C - 2 potions of resistance
 E - 3 potions of cancellation
 F - 2 potions of ambrosia
 H - 3 potions of enlightenment
 P - 4 potions of curing {@q1}
 Q - a potion of brilliance
 V - 6 potions of attraction {!q}

Dungeon Overview and Level Annotations

Branches:
Dungeon (15/15) Zot: 24654  Temple (0/1) D:7            Lair (5/5) D:10 Zot: 21560
  Swamp (4/4) Lair:3 Zot: 18237   Snake (4/4) Lair:3 Zot: 14328   Slime (0/5) Lair:4
    Orc (2/2) D:10 Zot: 9243     Elf (0/3) Orc:2        Vaults (0/5) D:14
 Depths (0/4) D:15        Ossuary (visited)          Bailey (visited)

Shops:
D:2 [   D:9 (   Orc:1 *   Orc:2 :![(   Snake:4 *

Annotations:
D:8 Gastronok
D:12 Rupert
Lair:5 4 runed translucent doors, BlackBloode's ghost, journeyman DECj
Swamp:4 Bai Suzhen
Snake:4 2 transporters, lucidstorm14's ghost, adept MiBe

~~~ ♣♣♣♣..~~~~~~~
d.~~♣♣♣♣~.~~~~~~~~~.
♣~.~~~.~~~~~~~~~.. ~
♣.~~~..~§.~~~..♣. ~~ ♣♣
♣....~~~.~~~~)♣♣
..~♣♣♣§♣♣♣~......♣~~~.~♣
~~~§.§§§♣♣~~~~~.§.~~§~..
~~§~~§x§§♣~~~~~~~~~~~~~~
~~~..§w♣♣♣♣.~~~~~.~~~~~~
~~~.♣§l§♣ ♣.~~~~~.♣♣~.~~
~~~§~♣♣♣♣ ♣♣.~~~.♣♣♣♣♣~.
.~~§. ♣♣.~.♣♣ ♣♣♣ ♣...
♣~~~♣ ♣ ♣♣♣. ♣♣~♣


You could see a bunyip, an alligator and a swamp worm.


Message History

You feel better. 😮 HP[+8]
You regained 8 hp, and now have 75/148 hp.
Unknown command.
Fire: X) +9 hand cannon of World's End {penet, rCorr Str+4}
Press: ? - help, Q - select action, (/) - cycle Shift-Dir - straight line, f - alligator
Aim: an alligator (purple smoke, wandering, hasn't noticed you, 83% to hit)
You shoot a bolt. The bolt barely misses the alligator.
You hear a hideous shriek!
Unknown command.
Fire: X) +9 hand cannon of World's End {penet, rCorr Str+4}
Press: ? - help, Q - select action, (/) - cycle Shift-Dir - straight line, f/p - alligator
Aim: an alligator (purple smoke, 83% to hit)
You shoot a bolt. The bolt pierces through the alligator.
The alligator closely misses you.
The alligator bites you but does no damage.
The alligator misses you. The alligator bites you!
* * * LOW HITPOINT WARNING * * *
The alligator drags you backwards! 😨 HP[-9]
You take 9 damage, and now have 66/148 hp.
Unknown command.
Fire: X) +9 hand cannon of World's End {penet, rCorr Str+4}
Press: ? - help, Q - select action, (/) - cycle Shift-Dir - straight line, f/p - alligator
Aim: an alligator (purple smoke, lightly wounded, 83% to hit)
You shoot a bolt. The bolt closely misses the alligator.
You hear a hideous shriek!
You block the alligator's attack.
The alligator bites you but does no damage.
You hear a roar!
Unknown command.
Fire: X) +9 hand cannon of World's End {penet, rCorr Str+4}
Press: ? - help, Q - select action, (/) - cycle Shift-Dir - straight line, f/p - alligator
Aim: an alligator (purple smoke, lightly wounded, 83% to hit)
You shoot a bolt. The bolt closely misses the alligator.
The swamp worm fires a harpoon shot at you.
The harpoon shot hits you but does no damage.
You block the alligator's attack. The alligator misses you.
Unknown command.
Fire: X) +9 hand cannon of World's End {penet, rCorr Str+4}
Press: ? - help, Q - select action, (/) - cycle Shift-Dir - straight line, f/p - alligator
Aim: an alligator (purple smoke, lightly wounded, 83% to hit)
You shoot a bolt. The bolt pierces through the alligator.
The alligator tail-slaps you!
* * * LOW HITPOINT WARNING * * *
The alligator barely misses you.
The alligator tail-slaps you but does no damage.
The alligator closely misses you. 😨 HP[-9]
You take 9 damage, and now have 57/148 hp.
Unknown command.
Fire: X) +9 hand cannon of World's End {penet, rCorr Str+4}
Press: ? - help, Q - select action, (/) - cycle Shift-Dir - straight line, f/p - alligator
Aim: an alligator (purple smoke, lightly wounded, 83% to hit)
You shoot a bolt.
The bolt completely misses the alligator.
The swamp worm bites you but does no damage.
You block the alligator's attack. The alligator misses you.
The swamp worm bites you!
* * * LOW HITPOINT WARNING * * *
The bunyip claws you!
* * * LOW HITPOINT WARNING * * *
The bunyip claws you but does no damage. x2 😱 HP[-22]
You take 22 damage, and now have 35/148 hp.
Unknown command.
Okay, then.
You turn into a tree.
The +2 helmet of the Alphagorgon {rC+ Int+2 Stlth+} melds into your body.
Your +2 pair of gloves melds into your body.
The +1 pair of boots "Vuvublarch" {rF+ Int+2 Dex+3 SInv} melds into your body.
Your +0 swamp dragon scales melds into your body.
Your roots penetrate the ground.
The alligator tail-slaps you.
* * * LOW HITPOINT WARNING * * *
The alligator bites you.
* * * LOW HITPOINT WARNING * * *
The swamp worm bites you!
* * * LOW HITPOINT WARNING * * *
😱 HP[+1]
You now have 222 max hp (+74).
Unknown command.
Fire: X) +9 hand cannon of World's End {penet, rCorr Str+4}
Press: ? - help, Q - select action, (/) - cycle Shift-Dir - straight line, f/p - alligator
Aim: an alligator (purple smoke, lightly wounded, 82% to hit)
You shoot a bolt.
The bolt pierces through the alligator!!
The alligator tail-slaps you but does no damage.
The alligator bites you!
* * * LOW HITPOINT WARNING * * *
The swamp worm bites you!
* * * LOW HITPOINT WARNING * * *
😱 HP[-24]
You take 24 damage, and now have 12/222 hp.
You feel better.
The alligator tail-slaps you but does no damage.
You block the alligator's attack.
The swamp worm bites you but does no damage.
The bunyip claws you but does no damage. x2
The bunyip claws you!!
You die...

Skill      XL: |  1  2  3  4  5  6  7  8  9 10 11 12 13 14 15 16 17 |
---------------+----------------------------------------------------+-----
Stealth        | 1 2 5 7 9 10 11 | 11.5
Fighting       | 2 4 7 8 11 12 | 12.4
Dodging        | 2 5 7 8 9 10 | 10.8
Ranged Weapons | 4 5 6 7 8 10 11 12 13 14 16 17 18 | 18.0
Armour         | 1 2 3 4 5 7 9 |  9.2
Evocations     | 1 5 |  5.0
Air Magic      | 3 8 11 | 11.2
Poison Magic   | 4 5 |  5.0

Action                     |  1- 3 |  4- 6 |  7- 9 | 10-12 | 13-15 | 16-18 || total
---------------------------+-------+-------+-------+-------+-------+-------++-------
  Melee: Dagger            |       |       |       |       |     5 |       ||     5
   Fire: Shortbow          |   159 |   125 |   530 |   687 |   604 |       ||  2105
         Orcbow            |       |       |       |    93 |  1275 |   177 ||  1545
         Hand cannon       |       |       |       |       |       |   345 ||   345
  Throw: Dart              |       |       |       |       |     2 |       ||     2
   Cast: Swiftness         |       |       |       |       |     1 |     1 ||     2
  Evoke: Wand              |       |       |       |     8 |    11 |       ||    19
    Use: Scroll            |       |     5 |    24 |    11 |    18 |     5 ||    63
         Potion            |       |       |     3 |     9 |    10 |     6 ||    28
   Stab: Invisible         |       |       |       |       |     1 |       ||     1
 Armour: Leather armour    |    16 |       |       |       |   156 |   135 ||   307
         Ring mail         |    40 |    48 |   257 |   225 |   223 |       ||   793
         Swamp dragon scal |       |       |       |       |       |    43 ||    43
         Skin              |       |       |       |       |       |    11 ||    11
  Dodge: Dodged            |    45 |    32 |   216 |   268 |   705 |   227 ||  1493
  Block: Other             |       |     7 |    84 |    67 |   159 |    50 ||   367
         Reflection        |       |       |     2 |     1 |    24 |     4 ||    31

Levels and vault maps discovered:
D:1:      dpeg_arrival_rooms_c, layout_basic, hex_large, minmay_lizard_king
D:2:      layout_loops_corners, serial_shops, nicolae_shop_trees
D:3:      layout_loops_ring, elyvilon_altar_3, basic_ecumenical_altar,
          minivault_23, serial_bayou_pond_b, minmay_misc_feat_more_columns
D:4:      layout_rooms, uniq_blork_the_orc
D:5:      layout_loops_corners, nemelex_xobeh_ov_fountains_minmay, hex_medium,
          hellmonk_guarded_unrand_hermit
D:6:      layout_basic
D:7:      layout_basic, minmay_temple_entry_proselytizer, minmay_mini_ossuary
D:8:      layout_gridville, gammafunk_temple_overflow_forgotten,
          lightli_ossuary_entry_decrepit_ruins, grunt_ministairs_1,
          uniq_gastronok
D:9:      layout_irregular_city, amcnicky_altar_gilded,
          mainiacjoe_overflow_two_lobes, enter_bailey_4, doesnt_shop_hydraphobe
D:10:     layout_grid_maze, lair_entry_dummy, orc_0_dummy,
          chequers_decorated_corner
D:11:     layout_gridville
D:12:     layout_loops_cross, uniq_rupert, uniq_josephine, uniq_urug
D:13:     layout_irregular_city
D:14:     kennysheep_cluttered_fort, layout_basic,
          hellmonk_vaults_attempted_burglary, minivault_20
D:15:     hangedman_depths_entry_civil_slaughter, layout_basic,
          minmay_crystal_room, minmay_unpleasant_kobolds
Lair:1:   layout_small_grid
Lair:2:   layout_layer_cave, lemuel_fruit_tree
Lair:3:   layout_long_grid, palyth_hydra_swamp_entry, dummy_snake_entry,
          minivault_26
Lair:4:   layout_roguey, slime_entry_1, grunt_megastairs_3
Lair:5:   cheibrodos_lair_end_hotspot, layout_regular_city,
          ebering_ghost_disaster_area, st_stairs_13
Swamp:1:  layout_basic_swamp, nicolae_swamp_very_dense_foliage
Swamp:2:  layout_basic_swamp, evilmike_swamp_ruin_house_4, swamp_pool_1_2,
          hangedman_swamp_phenomena
Swamp:3:  layout_basic_swamp, nicolae_swamp_reclaimed_castle
Swamp:4:  swamp, layout_basic_swamp, uniq_bai_suzhen, uniq_donald
Snake:1:  nicolae_snake_crotalidae_crossing, layout_cave_shapes, uniq_louise
Snake:2:  layout_onion, nicolae_integral_box
Snake:3:  layout_rooms, nicolae_zig_zag_zippers
Snake:4:  grunt_snake_rune_pools, layout_cave_town,
          gammafunk_ghost_berserking_beasts, serial_shops,
          nicolae_shop_hallway_stairs, uniq_mlioglotl
Orc:1:    layout_caves, monkooky_shop_alliterative
Orc:2:    st_orc_pillars, layout_caves, mines1_david

Notes
Turn   | Place    | Note
-------+----------+-------------------------------------------
     0 | D:1      | Zonian the Demigod Hunter began the quest for the Orb.
     0 | D:1      | Reached XP level 1. HP: 17/17 MP: 3/3
     0 | D:1      | magus.rc [v1.9.6]
    30 | D:1      | Reached skill level 1 in Stealth
    95 | D:1      | Reached skill level 2 in Fighting
    95 | D:1      | Reached skill level 2 in Dodging
   152 | D:1      | Reached XP level 2. HP: 24/24 MP: 4/4
   380 | D:1      | You pick up a book of Blood and begin reading...
   380 | D:1      | You add the spells Sublimation of Blood, Wereblood and
                  | Summon Hydra to your library.
   734 | D:2      | Reached XP level 3. HP: 29/29 MP: 5/5
   775 | D:2      | Found Uvossamp's Antique Armour Boutique.
   911 | D:2      | Identified the +5 ring mail of Sloth {rC+ Int-4 Dex+3 SInv}
  1188 | D:2      | Reached skill level 4 in Ranged Weapons
  2320 | D:4      | Identified the +0 ring mail "Taseimaw" {rElec Regen+ Str+7
                  | Slay-6}
  2345 | D:4      | Reached skill level 1 in Armour
  2492 | D:4      | Reached XP level 4. HP: 34/36 MP: 6/6
  2523 | D:4      | You pick up a book of Fire and begin reading...
  2523 | D:4      | You add the spells Foxfire, Plasma Beam and Starburst to
                  | your library.
  2593 | D:4      | Noticed an ogre
  2602 | D:4      | HP: 9/36 [ogre/+0 giant club (2)]
  2604 | D:4      | Killed an ogre
  2605 | D:4      | Reached skill level 2 in Armour
  2605 | D:4      | Reached XP level 5. HP: 11/41 MP: 7/7
  2871 | D:4      | Noticed an ogre
  2979 | D:4      | Reached skill level 5 in Ranged Weapons
  3151 | D:4      | Reached skill level 3 in Armour
  3348 | D:4      | Killed an ogre
  3349 | D:4      | Reached XP level 6. HP: 48/48 MP: 8/8
  3428 | D:4      | Noticed Blork the orc
  3438 | D:4      | Killed Blork the orc
  3554 | D:5      | Entered Level 5 of the Dungeon
  3631 | D:5      | Reached skill level 6 in Ranged Weapons
  3631 | D:5      | Reached skill level 4 in Armour
  3684 | D:5      | Reached XP level 7. HP: 55/55 MP: 9/9
  3765 | D:5      | Identified a scroll of acquirement
  3765 | D:5      | Acquired the staff of Painful Death {rF+ rN+ MP+9 SInv
                  | Necro}
  4059 | D:5      | Reached skill level 5 in Armour
  4965 | D:5      | Found the Hermit's Pendant {Faith Invo=14 Evo=0 MP+5}
  5094 | D:5      | Reached skill level 7 in Ranged Weapons
  5165 | D:6      | Reached XP level 8. HP: 45/61 MP: 10/10
  5555 | D:6      | Reached skill level 6 in Armour
  6199 | D:7      | You add the spells Alistair's Intoxication, Borgnjor's Vile
                  | Clutch and Eringya's Noxious Bog to your library.
  6739 | D:7      | Found a staircase to the Ecumenical Temple.
  7012 | D:7      | Reached skill level 8 in Ranged Weapons
  7196 | D:7      | Reached skill level 7 in Armour
  7463 | D:8      | Noticed Gastronok
  7544 | D:8      | Noticed a hornet
  7582 | D:8      | Found a sand-covered staircase.
  7661 | Ossuary  | Entered an ossuary
  7680 | Ossuary  | Reached XP level 9. HP: 67/67 MP: 11/11
  7738 | Ossuary  | Reached skill level 9 in Ranged Weapons
  8058 | Ossuary  | Reached skill level 8 in Armour
  8779 | D:8      | Acquired a +3 orcbow of draining
  8781 | D:8      | Acquired the +1 pair of boots "Vuvublarch" {rF+ Int+2 Dex+3
                  | SInv}
  8806 | D:8      | Paralysed by a hornet for 1 turns
  8810 | D:8      | HP: 15/67 [hornet (11)]
  9098 | D:8      | You pick up a book of Power and begin reading...
  9098 | D:8      | You add the spells Iskenderun's Battlesphere, Bombard and
                  | Spellforged Servitor to your library.
  9245 | D:8      | Identified the staff of Yesterday {rN+ MP-9 Str+7 Int+2
                  | Necro}
  9509 | D:8      | Reached skill level 9 in Armour
  9516 | D:8      | Reached skill level 10 in Ranged Weapons
 10190 | D:9      | Found a flagged portal.
 10205 | Bailey   | Entered a bailey
 10241 | Bailey   | Reached skill level 2 in Stealth
 10343 | Bailey   | Reached XP level 10. HP: 46/74 MP: 13/13
 10607 | Bailey   | Reached skill level 3 in Fighting
 10607 | Bailey   | Reached skill level 3 in Dodging
 10614 | Bailey   | HP: 16/77 [orc warrior/+0 war axe (8)]
 10626 | Bailey   | HP: 18/77 [kobold brigand/+0 war axe (6)]
 10642 | Bailey   | HP: 9/77 [orc warrior/+0 broad axe (11)]
 10697 | Bailey   | HP: 19/77 [poisoned by a kobold brigand]
 10938 | Bailey   | You add the spells Summon Small Mammal, Poisonous Vapours
                  | and Summon Ice Beast to your library.
 10938 | Bailey   | Got the Anthology of Nauseating Creation
 11086 | D:9      | Reached skill level 3 in Stealth
 11123 | D:9      | Found Sedas's Hydra Hut.
 11127 | D:9      | Noticed a five-headed hydra
 11195 | D:9      | You pick up a book of Scorching and begin reading...
 11195 | D:9      | You add the spells Scorch, Flame Wave and Summon Cactus
                  | Giant to your library.
 11415 | D:9      | Noticed a two-headed ogre
 11420 | D:9      | Killed a two-headed ogre
 11421 | D:9      | Reached skill level 4 in Dodging
 11962 | D:10     | Entered Level 10 of the Dungeon
 12068 | D:10     | Reached skill level 4 in Fighting
 12173 | D:10     | Found a staircase to the Orcish Mines.
 12177 | D:10     | Reached skill level 4 in Stealth
 12254 | D:10     | Noticed a two-headed ogre
 12260 | D:10     | Killed a two-headed ogre
 12355 | D:10     | Found a staircase to the Lair.
 12663 | D:10     | Noticed a two-headed ogre
 12668 | D:10     | Killed a two-headed ogre
 12669 | D:10     | Reached skill level 11 in Ranged Weapons
 12734 | D:10     | Noticed a two-headed ogre
 12737 | D:10     | Killed a two-headed ogre
 12807 | Lair:1   | Entered Level 1 of the Lair of Beasts
 12813 | Lair:1   | Reached skill level 5 in Stealth
 12815 | Lair:1   | Reached skill level 5 in Dodging
 12815 | Lair:1   | Reached XP level 11. HP: 83/85 MP: 14/14
 12936 | Lair:1   | Reached skill level 5 in Fighting
 14232 | Lair:2   | Noticed a skyshark
 14242 | Lair:2   | Killed a skyshark
 14261 | Lair:2   | Reached skill level 6 in Stealth
 14617 | Lair:2   | Reached skill level 6 in Dodging
 14716 | Lair:2   | Reached skill level 6 in Fighting
 15312 | Lair:2   | Noticed a seven-headed hydra
 15681 | Lair:3   | Found a staircase to the Snake Pit.
 15686 | Lair:3   | Noticed a skyshark
 15699 | Lair:3   | Killed a skyshark
 15818 | Lair:3   | Noticed an eight-headed hydra
 15828 | Lair:3   | Killed an eight-headed hydra
 16022 | Lair:3   | Noticed a skyshark
 16036 | Lair:3   | Killed a skyshark
 16037 | Lair:3   | Reached skill level 7 in Stealth
 16198 | Lair:3   | Noticed a seven-headed hydra
 16315 | Lair:3   | Killed a seven-headed hydra
 16316 | Lair:3   | Reached skill level 12 in Ranged Weapons
 16358 | Lair:3   | Reached skill level 7 in Dodging
 16475 | Lair:3   | Reached skill level 7 in Fighting
 16475 | Lair:3   | Reached XP level 12. HP: 95/100 MP: 15/15
 16513 | Lair:3   | Noticed a five-headed hydra
 16515 | Lair:3   | Noticed an eight-headed hydra
 16710 | Lair:3   | Killed an eight-headed hydra
 16962 | Lair:3   | Killed a five-headed hydra
 17194 | Lair:3   | Found a staircase to the Swamp.
 17396 | Lair:4   | Reached skill level 8 in Stealth
 17693 | Lair:4   | Found a staircase to the Slime Pits.
 17720 | Lair:4   | Identified the staff of Solupeov {rC+ Earth}
 18072 | Lair:4   | Reached skill level 8 in Dodging
 18101 | Lair:4   | Reached skill level 8 in Fighting
 18388 | Lair:5   | Entered Level 5 of the Lair of Beasts
 19279 | Lair:5   | Noticed a fire dragon
 19316 | Lair:5   | Reached skill level 9 in Stealth
 19553 | Lair:5   | Reached skill level 13 in Ranged Weapons
 19553 | Lair:5   | Reached XP level 13. HP: 88/108 MP: 16/16
 20157 | Lair:5   | Found a large runed translucent door.
 20157 | Lair:5   | Found a large runed translucent door.
 20218 | Lair:5   | Reached skill level 9 in Dodging
 20419 | Lair:5   | Reached skill level 9 in Fighting
 20709 | Lair:5   | Found a large runed translucent door.
 20710 | Lair:5   | Found a large runed translucent door.
 20907 | Lair:5   | Noticed BlackBloode's ghost (journeyman DECj)
 21635 | D:12     | Noticed Urug
 21646 | D:12     | Killed Urug
 22031 | D:12     | Noticed Josephine
 22074 | D:12     | Killed Josephine
 22075 | D:12     | Reached skill level 10 in Fighting
 22521 | D:12     | Noticed Rupert
 22522 | D:12     | Upgraded the game from 0.31-a0-1278-g11c5b68f87 to
                  | 0.31-a0-1300-gb6740aa4e6
 22522 | D:12     | magus.rc [v1.9.6]
 23231 | D:13     | You pick up a book of the Senses and begin reading...
 23231 | D:13     | You add the spells Dazzling Flash, Agony and Silence to
                  | your library.
 23350 | D:13     | Reached skill level 14 in Ranged Weapons
 24608 | D:14     | You pick up a book of Air and begin reading...
 24608 | D:14     | You add the spells Shock, Swiftness and Airstrike to your
                  | library.
 24651 | D:14     | Found a gate to the Vaults.
 24651 | D:14     | Noticed a tengu reaver
 24895 | D:14     | Reached skill level 1 in Evocations
 25106 | D:14     | Reached skill level 11 in Fighting
 25106 | D:14     | Reached skill level 10 in Stealth
 25500 | D:14     | Reached XP level 14. HP: 124/124 MP: 17/17
 25563 | D:14     | Reached skill level 2 in Evocations
 26026 | D:14     | HP: 26/124 [tengu reaver/+6 halberd of venom (27)]
 26034 | D:14     | Killed a tengu reaver
 26523 | D:15     | Entered Level 15 of the Dungeon
 26971 | D:15     | Found a staircase to the Depths.
 26978 | D:15     | Reached skill level 3 in Evocations
 27834 | D:15     | Reached skill level 10 in Dodging
 28249 | D:15     | You pick up a book of Conjurations {@e2} and begin
                  | reading...
 28249 | D:15     | You add the spells Magic Dart, Searing Ray and Fulminant
                  | Prism to your library.
 28832 | Orc:1    | Entered Level 1 of the Orcish Mines
 28965 | Orc:1    | Found Aaopasch's Alliterative Armaments.
 29044 | Orc:2    | Entered Level 2 of the Orcish Mines
 29149 | Orc:2    | Reached skill level 4 in Evocations
 29153 | Orc:2    | Found a staircase to the Elven Halls.
 29861 | Orc:2    | Reached skill level 11 in Stealth
 30299 | Orc:2    | Found Laowacke's Book Shop.
 30302 | Orc:2    | Found Ymofui's Armour Boutique.
 30303 | Orc:2    | Found Ehownevu's Antique Weapon Shop.
 30304 | Orc:2    | Found Ceits's Distillery.
 30363 | Orc:2    | Learned a level 3 spell: Swiftness
 31746 | Snake:1  | Entered Level 1 of the Snake Pit
 31777 | Snake:1  | Reached skill level 12 in Fighting
 31777 | Snake:1  | Reached skill level 5 in Evocations
 31871 | Snake:1  | Reached skill level 1 in Air Magic
 32466 | Snake:1  | Reached skill level 2 in Air Magic
 32770 | Snake:1  | Noticed Louise
 33135 | Snake:1  | Reached skill level 3 in Air Magic
 33159 | Snake:1  | Killed Louise
 33160 | Snake:1  | Reached XP level 15. HP: 102/133 MP: 18/18
 33650 | Snake:2  | Reached skill level 4 in Air Magic
 34012 | Snake:2  | Reached skill level 5 in Air Magic
 34433 | Snake:2  | You add the spells Ignite Poison, Sticky Flame and Ignition
                  | to your library.
 34439 | Snake:2  | Learned a level 4 spell: Airstrike
 34686 | Snake:2  | Noticed a nagaraja
 34699 | Snake:2  | Killed a nagaraja
 35139 | Snake:2  | Reached skill level 6 in Air Magic
 35372 | Snake:2  | Reached skill level 15 in Ranged Weapons
 35922 | Snake:3  | You pick up a book of Dangerous Friends and begin
                  | reading...
 35922 | Snake:3  | You add the spells Summon Guardian Golem and Orb of
                  | Destruction to your library.
 36228 | Snake:3  | You pick up a book of Misfortune and begin reading...
 36228 | Snake:3  | You add the spells Inner Flame, Yara's Violent Unravelling
                  | and Enfeeble to your library.
 36302 | Snake:3  | Reached skill level 7 in Air Magic
 36527 | Snake:3  | Identified the +2 helmet of the Alphagorgon {rC+ Int+2
                  | Stlth+}
 36989 | Snake:3  | You pick up a book of Ice and begin reading...
 36989 | Snake:3  | You add the spells Simulacrum, Ozocubu's Refrigeration and
                  | Polar Vortex to your library.
 37197 | Snake:3  | Noticed a nagaraja
 37201 | Snake:3  | Killed a nagaraja
 37530 | Snake:4  | Entered Level 4 of the Snake Pit
 37530 | Snake:4  | Found Geud's Assorted Antiques.
 37546 | Snake:4  | Noticed Mlioglotl
 37616 | Snake:4  | Reached skill level 8 in Air Magic
 38342 | Snake:4  | Acquired the +9 hand cannon of World's End {penet, rCorr
                  | Str+4}
 38697 | Snake:4  | Found a transporter.
 38717 | Snake:4  | Reached skill level 16 in Ranged Weapons
 38726 | Snake:4  | Noticed lucidstorm14's ghost (adept MiBe)
 38775 | Snake:4  | Found a transporter.
 39080 | Snake:4  | Reached XP level 16. HP: 56/139 MP: 17/19
 39913 | Snake:4  | Reached skill level 9 in Air Magic
 40902 | Snake:4  | Reached skill level 10 in Air Magic
 41189 | Snake:4  | Got a serpentine rune of Zot
 41433 | Snake:4  | Killed Mlioglotl
 41681 | Swamp:1  | Entered Level 1 of the Swamp
 42233 | Swamp:1  | Reached skill level 17 in Ranged Weapons
 42470 | Swamp:1  | Identified the +11 whip "Goblinbane" {protect, rF- Will++
                  | Str+2}
 43161 | Swamp:2  | HP: 6/139 [eleionoma/spray of wooden splinters (38)]
 43618 | Swamp:2  | Reached skill level 11 in Air Magic
 44515 | Swamp:2  | Learned a level 2 spell: Poisonous Vapours
 44799 | Swamp:2  | Reached skill level 1 in Poison Magic
 45308 | Swamp:3  | Reached skill level 2 in Poison Magic
 45446 | Swamp:3  | Identified the +3 great mace "Luveac" {heavy, ^Fragile
                  | Int+9}
 45546 | Swamp:3  | Reached skill level 3 in Poison Magic
 46251 | Swamp:3  | Reached skill level 4 in Poison Magic
 46251 | Swamp:3  | Reached XP level 17. HP: 88/146 MP: 20/20
 46627 | Swamp:4  | Entered Level 4 of the Swamp
 47133 | Swamp:4  | Noticed Bai Suzhen
 47169 | Swamp:4  | Identified a +0 crystal plate armour
 47169 | Swamp:4  | Identified the +0 kite shield of Luskir {Rampage *Corrode
                  | rElec Dex-5}
 47169 | Swamp:4  | Noticed Donald
 47174 | Swamp:4  | Reached skill level 18 in Ranged Weapons
 47174 | Swamp:4  | Killed Donald
 47175 | Swamp:4  | Reached skill level 5 in Poison Magic
 47190 | Swamp:4  | HP: 35/148 [bunyip (15)]
 47192 | Swamp:4  | HP: 12/222 [swamp worm (13)]
 47193 | Swamp:4  | Slain by a bunyip

Vanquished Creatures
  Mlioglotl (Snake:4)
  A thorn hunter (Swamp:4)
  A tengu reaver (D:14)
  Donald (Swamp:4)
  5 nagarajas
  Louise (Snake:1)
  4 bunyips (Swamp:3)
  10 eleionomae
  An ettin (D:15)
  Josephine (D:12)
  2 shambling mangroves
  6 salamander tyrants
  10 hydras
  10 anacondas
  3 ghost crabs
  9 alligators
  4 two-headed ogres
  2 boulder beetles
  2 death yaks (Lair:4)
  3 tengu warriors
  4 centaur warriors
  16 naga warriors
  8 shock serpents
  5 orc high priests (Orc:2)
  An occultist (D:15)
  6 spriggans
  14 naga sharpshooters
  Urug (D:12)
  5 skysharks
  A fire crab (Lair:5)
  4 salamander mystics (Snake:4)
  2 skeletal warriors (D:15)
  5 goliath frogs
  5 swamp dragons
  5 spriggan druids
  4 bog bodies
  7 orc knights
  A lindwurm (Lair:5)
  4 naga ritualists
  8 mana vipers
  An orc sorcerer (Orc:2)
  2 deep elf pyromancers (D:13)
  4 ugly things
  A necromancer (D:15)
  24 salamanders
  3 manticores
  12 elephants (Lair:5)
  9 cyclopes
  29 black mambas
  7 will-o-the-wisps
  9 guardian serpents
  12 naga magi
  3 molten gargoyles (Lair:5)
  3 kobold blastminers
  4 gargoyles
  10 cane toads
  2 unseen horrors
  3 rime drakes
  An efreet (D:14)
  4 tengu conjurers
  A freezing wraith (D:15)
  8 komodo dragons
  5 trolls
  3 bloated husks (Swamp:2)
  6 hornets
  A polar bear (Lair:4)
  A troll (shapeshifter) (D:14)
  6 tyrant leeches
  11 slime creatures
  A jumping spider (shapeshifter) (D:14)
  4 wyverns
  6 wraiths
  23 yaks
  4 wargs
  14 basilisks
  A redback (shapeshifter) (D:14)
  17 swamp worms
  A steam dragon (Lair:5)
  4 vampire mosquitoes (Swamp:3)
  2 acid dragons
  31 nagas
  4 hell hounds (Lair:5)
  13 water moccasins
  2 swamp drakes (Swamp:4)
  2 sky beasts
  2 black bears (D:5)
  38 orc warriors
  5 ogres
  3 wolves (Lair:2)
  7 centaurs
  8 kobold brigands
  Blork the orc (D:4)
  A gnoll sergeant (D:12)
  10 scorpions
  11 bullfrogs
  9 wights
  4 killer bees (D:8)
  2 howler monkeys
  8 centaur zombies
  5 lava snakes (Lair:5)
  A jelly (D:5)
  2 human zombies (Ossuary)
  24 orc priests
  A hound (D:4)
  4 scorpion zombies (Ossuary)
  2 iguanas
  14 orc wizards
  16 hell rats
  4 lightning spires (Swamp:2)
  A killer bee zombie (D:7)
  4 mummies
  4 adders
  11 gnolls
  2 white imps
  2 ufetubi (D:5)
  A worm (D:2)
  A dart slug (D:1)
  74 orcs
  5 endoplasms
  3 giant cockroaches
  6 goblins
  7 hobgoblins
  14 kobolds
  5 quokkas
  3 ball pythons
  6 bats
  15 frilled lizards
  3 gnoll zombies (Ossuary)
  3 goblin zombies (Ossuary)
  2 hobgoblin zombies (Ossuary)
  2 orc zombies (Ossuary)
  14 rats
867 creatures vanquished.

Vanquished Creatures (others)
  A naga sharpshooter (Snake:4)
  An orc (Orc:2)
  13 foxfires
15 creatures vanquished.

Grand Total: 882 creatures vanquished

Table legend:
 A = Non-vault XP
 B = Vault XP
 C = Vault XP percentage of total XP
 D = Non-vault monster count
 E = Vault monster count
 F = Vault count percentage of total count
                 A         B        C        D         E       F
            +---------+---------+-------+---------+---------+-------
      Total |  193707 |   74571 |  27.8 |     603 |     265 |  30.5
            +---------+---------+-------+---------+---------+-------
        D:1 |      34 |       8 |  19.0 |      23 |       8 |  25.8
        D:2 |      19 |       0 |   0.0 |      12 |       0 |   0.0
        D:3 |      22 |       8 |  26.7 |      12 |       5 |  29.4
        D:4 |     444 |      96 |  17.8 |      19 |       1 |   5.0
        D:5 |     749 |     110 |  12.8 |      24 |       1 |   4.0
        D:6 |     510 |       0 |   0.0 |       7 |       0 |   0.0
        D:7 |     342 |     230 |  40.2 |       8 |       6 |  42.9
        D:8 |    1580 |     676 |  30.0 |      17 |       6 |  26.1
        D:9 |    1625 |      11 |   0.7 |       7 |       5 |  41.7
       D:10 |    3211 |       0 |   0.0 |      16 |       0 |   0.0
       D:11 |    1137 |       0 |   0.0 |       4 |       0 |   0.0
       D:12 |    6467 |    2505 |  27.9 |      26 |       6 |  18.8
       D:13 |    6022 |       0 |   0.0 |      12 |       0 |   0.0
       D:14 |    6832 |    3451 |  33.6 |      17 |       5 |  22.7
       D:15 |    8239 |    3936 |  32.3 |      24 |      11 |  31.4
     Lair:1 |    3097 |       0 |   0.0 |      19 |       0 |   0.0
     Lair:2 |    5363 |       0 |   0.0 |      22 |       0 |   0.0
     Lair:3 |    5880 |    3004 |  33.8 |      23 |       7 |  23.3
     Lair:4 |    6111 |     338 |   5.2 |      17 |       2 |  10.5
     Lair:5 |   10968 |    7318 |  40.0 |      29 |      26 |  47.3
    Swamp:1 |   13611 |       0 |   0.0 |      24 |       0 |   0.0
    Swamp:2 |   13969 |    1788 |  11.3 |      25 |       8 |  24.2
    Swamp:3 |   18379 |       0 |   0.0 |      29 |       0 |   0.0
    Swamp:4 |    5155 |    6153 |  54.4 |       8 |       8 |  50.0
    Snake:1 |   13657 |    5799 |  29.8 |      28 |      10 |  26.3
    Snake:2 |   20315 |       0 |   0.0 |      34 |       0 |   0.0
    Snake:3 |   23314 |       0 |   0.0 |      45 |       0 |   0.0
    Snake:4 |   11938 |   26970 |  69.3 |      21 |      38 |  64.4
      Orc:1 |    1518 |       0 |   0.0 |      15 |       0 |   0.0
      Orc:2 |    3199 |    9378 |  74.6 |      36 |      59 |  62.1
    Ossuary |       0 |    1189 | 100.0 |       0 |      32 | 100.0
     Bailey |       0 |    1603 | 100.0 |       0 |      21 | 100.0
            +---------+---------+-------+---------+---------+-------

Skill      XL: |  1  2  3  4  5  6  7  8  9 10 11 12 13 14 15 16 17 |
---------------+----------------------------------------------------+-----
Stealth        | 1 2 5 7 9 10 11 | 11.5
Fighting       | 2 4 7 8 11 12 | 12.4
Dodging        | 2 5 7 8 9 10 | 10.8
Ranged Weapons | 4 5 6 7 8 10 11 12 13 14 16 17 18 | 18.0
Armour         | 1 2 3 4 5 7 9 |  9.2
Evocations     | 1 5 |  5.0
Air Magic      | 3 8 11 | 11.2
Poison Magic   | 4 5 |  5.0

Action                     |  1- 3 |  4- 6 |  7- 9 | 10-12 | 13-15 | 16-18 || total
---------------------------+-------+-------+-------+-------+-------+-------++-------
  Melee: Dagger            |       |       |       |       |     5 |       ||     5
   Fire: Shortbow          |   159 |   125 |   530 |   687 |   604 |       ||  2105
         Orcbow            |       |       |       |    93 |  1275 |   177 ||  1545
         Hand cannon       |       |       |       |       |       |   345 ||   345
  Throw: Dart              |       |       |       |       |     2 |       ||     2
   Cast: Swiftness         |       |       |       |       |     1 |     1 ||     2
  Evoke: Wand              |       |       |       |     8 |    11 |       ||    19
    Use: Scroll            |       |     5 |    24 |    11 |    18 |     5 ||    63
         Potion            |       |       |     3 |     9 |    10 |     6 ||    28
   Stab: Invisible         |       |       |       |       |     1 |       ||     1
 Armour: Leather armour    |    16 |       |       |       |   156 |   135 ||   307
         Ring mail         |    40 |    48 |   257 |   225 |   223 |       ||   793
         Swamp dragon scal |       |       |       |       |       |    43 ||    43
         Skin              |       |       |       |       |       |    11 ||    11
  Dodge: Dodged            |    45 |    32 |   216 |   268 |   705 |   227 ||  1493
  Block: Other             |       |     7 |    84 |    67 |   159 |    50 ||   367
         Reflection        |       |       |     2 |     1 |    24 |     4 ||    31

Illustrated notes

Table legend:
 A = Kills in this place as a percentage of kills in the entire game.
 B = Kills by you in this place as a percentage of kills by you in the entire game.
 C = Kills by friends in this place as a percentage of kills by friends in the entire game.
 D = Other kills in this place as a percentage of other kills in the entire game.
 E = Experience gained in this place as a percentage of experience gained in the entire game.
 F = Experience gained in this place divided by the number of levels of this place that you have seen.
                   A       B       C       D       E      F
               +-------+-------+-------+-------+-------+----------------------
         Total | 100.0 | 100.0 |   N/A | 100.0 | 100.0 | 8383.7
       Dungeon |  32.5 |  32.5 |   N/A |   0.0 |  18.0 | 3217.6
          Lair |  16.7 |  16.7 |   N/A |   0.0 |  15.7 | 8415.8
         Swamp |  11.8 |  11.8 |   N/A |   0.0 |  22.0 | 14763.8
     Snake Pit |  20.3 |  20.2 |   N/A | 100.0 |  38.0 | 25498.2
  Orcish Mines |  12.7 |  12.7 |   N/A |   0.0 |   5.3 | 7047.5
       Ossuary |   3.7 |   3.7 |   N/A |   0.0 |   0.4 | 1189.0
        Bailey |   2.4 |   2.4 |   N/A |   0.0 |   0.6 | 1603.0
               +-------+-------+-------+-------+-------+----------------------

Table legend: (Time is in decaauts)
 A = Elapsed time spent in this place.
 B = Non-inter-level travel time spent in this place.
 C = Inter-level travel time spent in this place.
 D = Time resting spent in this place.
 E = Time spent auto-exploring this place.
 F = Levels seen in this place.
 G = Mean time per level.
                   A        B        C        D        E       F      G
               +--------+--------+--------+--------+--------+-----+--------+
         Total |  47171 |  45446 |   1725 |  18844 |  18755 |  32 | 1474.1 |
       Dungeon |  18701 |  17832 |    869 |   5508 |   9542 |  15 | 1246.7 |
          Lair |   8439 |   8066 |    373 |   2119 |   4468 |   5 | 1687.8 |
         Swamp |   5761 |   5613 |    148 |   3392 |   1486 |   4 | 1440.2 |
     Snake Pit |   9672 |   9496 |    176 |   5735 |   2067 |   4 | 2418.0 |
  Orcish Mines |   2756 |   2599 |    157 |    992 |   1087 |   2 | 1378.0 |
       Ossuary |   1095 |   1095 |      0 |    631 |     53 |   1 | 1095.0 |
        Bailey |    744 |    744 |      0 |    464 |     50 |   1 |  744.0 |
               +--------+--------+--------+--------+--------+-----+--------+

Top non-repeatable levels by time:
 Snake:4: 3350 daAuts
  Lair:5: 2516 daAuts
 Snake:3: 2493 daAuts
    D:15: 2163 daAuts
 Snake:2: 2067 daAuts
   Orc:2: 2057 daAuts
 Swamp:2: 1987 daAuts
  Lair:3: 1791 daAuts
    D:14: 1791 daAuts
 Snake:1: 1759 daAuts
     D:8: 1731 daAuts
    D:12: 1694 daAuts
 Swamp:1: 1655 daAuts
     D:5: 1590 daAuts
  Lair:2: 1536 daAuts
